 Dungeon Crawl Stone Soup version 0.30-a0-634-g8abc85282e (webtiles) character file.

Game seed: 4046441175068504070

9 kae the Insei (level 2, -1/21 HPs)
             Began as a Demonspawn Transmuter on Jan 14, 2023.
             Slain by a kobold
             ... wielding a +3 short sword
              (3 damage)
             ... on level 1 of the Dungeon.
             The game lasted 00:00:19 (616 turns).

kae the Insei (Demonspawn Transmuter)                Turns: 616, Time: 00:00:20

Health: -1/21      AC:  2    Str: 10    XL:     2   Next: 3%
Magic:  4/5        EV: 12    Int: 14    God:
Gold:   45         SH:  0    Dex: 13    Spells: 4/5 levels left

rFire   . . .      SeeInvis .      - Unarmed
rCold   . . .      Faith    .    (no shield)
rNeg    . . .      Spirit   .    a - +0 robe
rPois   .          Reflect  .    (helmet currently unavailable)
rElec   .          Harm     .    (no cloak)
rCorr   .          Rampage  .    (no gloves)
Will    .....                    (boots currently unavailable)
Stlth   +                        (no amulet)
HPRegen 0.23/turn                (no ring)
MPRegen 0.09/turn                (no ring)

@: appendages (expiring)
A: horns 2, talons 2, hooves 1
a: End Transformation


You were on level 1 of the Dungeon.
You had temporarily grown beastly horns and talons.
You visited 1 branch of the dungeon, and saw 1 of its levels.

You collected 45 gold pieces.


Innate Abilities, Weirdness & Mutations

You have temporarily grown beastly horns and talons.
You have large cloven feet.


   Skills:
 - Level 1.0 Fighting
 - Level 1.7 Dodging
 + Level 2.8 Unarmed Combat
 + Level 2.1 Spellcasting
 * Level 2.1 Transmutations


You had 4 spell levels left.
You knew the following spells:

 Your Spells              Type           Power      Damage    Failure   Level
a - Beastly Appendage     Tmut           14%        N/A       10%         1

Your spell library contained the following spells:

 Spells                   Type           Power      Damage    Failure   Level
 Wereblood                Tmut           7%         N/A       14%         2
 Spider Form              Tmut/Pois      4%         N/A       41%         3
 Ice Form                 Ice/Tmut       4%         N/A       83%         4

Inventory:

Missiles
 d - 5 stones
Armour
 a - a +0 robe (worn)
Scrolls
 c - a scroll of fear {unknown}
 e - a scroll of amnesia {unknown}
Potions
 b - a potion of lignification {!q}

Dungeon Overview and Level Annotations

Branches:
Dungeon (1/15) Zot: 5384

Altars:

........)..#...........###.#.#.#
..####....#..........#.# ##...##
..# #........##.#####.# ##.####
..#####...#..###.# #.# #.....
..#..........#
#.#####.#####.####
......)......#
#.................
.##.####.###.#
#######.#.###.###.
.............###### #.......#
###.###.#.......@.# ###.##..#
#.# ##.########K# #.##...... #.#
### ### .# #.##...... #.# ##.##
.# ######.###. ###.#
##.#.########8###### ....#
#.###.###......§..### #####
##.#.##.......§.....##
#..##........§§§§...##
##.##.....####.§§§§...#


You could see a kobold.


Message History

Your horns disappear.
Your talons disappear.
A hobgoblin comes into view. 😎 MP[+1]
Your mp is fully restored (3).
A hobgoblin is nearby!
A hobgoblin is nearby!
A hobgoblin is nearby!
The helpless hobgoblin fails to defend itself.
You hit the hobgoblin.
You kill the hobgoblin!
No target in view!
Found an escape hatch in the floor.
No target in view!
No target in view!
Key pressed, stopping explore.
No target in view!
No target in view!
Key pressed, stopping explore.
Unknown command.
e - a scroll labelled GUTTIO MIANICW A goblin comes into view.
It is wielding a +0 club.
A goblin is nearby!
A goblin is nearby!
A goblin is nearby!
Casting: Beastly Appendage (safe; 10% risk of failure)
Confirm with . or Enter, or press ? or * to list all spells.
You grow a pair of large bovine horns.
Your feet morph into talons.
The goblin shouts! 😎 MP[-1]
You lost 1 mp, and now have 2/3 mp.
You barely miss the goblin. Your headbutt misses the goblin.
The goblin completely misses you.
You barely miss the goblin. The goblin barely misses you.
A goblin is nearby!
You closely miss the goblin. You claw the goblin.
You kill the goblin!
You have reached level 2!
Your demonic ancestry asserts itself...
Your talons look more like feet.
Your talons dull and shrink into feet.
Your feet thicken and deform. 😎 HP[+6] MP[+1]
You now have 21 max hp (+6).
Your hp is fully restored (21).
Your transformation is almost over.
Your horns disappear.
Key pressed, stopping explore.
A kobold comes into view. It is wielding a +3 short sword.
The kobold shouts! 😎 MP[+2]
Your mp is fully restored (5).
A kobold is nearby!
A kobold is nearby!
A kobold is nearby!
Casting: Beastly Appendage (safe; 10% risk of failure)
Confirm with . or Enter, or press ? or * to list all spells.
You grow a pair of large bovine horns.
Your feet morph into talons.
The kobold hits you with a +3 short sword.
The kobold hits you but does no damage. 😕 HP[-2] MP[-1]
You take 2 damage, and now have 19/21 hp.
You lost 1 mp, and now have 4/5 mp.
You closely miss the kobold.
You headbutt the kobold, but do no damage.
The kobold barely misses you.
You hit the kobold.
The kobold hits you with a +3 short sword. 😕 HP[-2]
You take 2 damage, and now have 17/21 hp.
A kobold is nearby!
You closely miss the kobold. Your kick misses the kobold.
The kobold hits you with a +3 short sword.
You are too injured to fight recklessly! 😮 HP[-4]
You take 4 damage, and now have 13/21 hp.
A kobold is nearby!
You are too injured to fight recklessly!
You are too injured to fight recklessly!
A kobold is nearby!
Unknown command.
A kobold is nearby!
You hit the kobold. Your kick misses the kobold.
Your transformation is almost over.
The kobold hits you with a +3 short sword.
* * * LOW HITPOINT WARNING * * *
You barely miss the kobold. Your kick misses the kobold. 😨 HP[-5]
You take 5 damage, and now have 8/21 hp.
MASSIVE DAMAGE!! (PAUSE)
You closely miss the kobold.
The kobold hits you with a +3 short sword!
* * * LOW HITPOINT WARNING * * *
😱 HP[-6]
You take 6 damage, and now have 2/21 hp.
MASSIVE DAMAGE!! (PAUSE) Unknown command.
You closely miss the kobold. Your kick misses the kobold.
The kobold closely misses you.
Unknown command.
You miss the kobold.
The kobold hits you with a +3 short sword.
You die...

Skill      XL: |  1 |
---------------+----+-----
Transmutations | 2 |  2.1
Fighting       | |  1.0
Dodging        | |  1.7
Unarmed Combat | |  2.8
Spellcasting   | |  2.1

Action                   || total
-------------------------++-------
Melee: Unarmed           ||    23
       Kick              ||     4
       Headbutt          ||     4
 Cast: Beastly Appendage ||     8
 Stab: Sleeping          ||     1
Armor: Robe              ||     2
Dodge: Dodged            ||    18

Levels and vault maps discovered:
D:1:      heliophobic_arrival_dark_side_of_the_moon, layout_loops_ring

Notes
Turn   | Place    | Note
-------+----------+-------------------------------------------
     0 | D:1      | kae the Demonspawn Transmuter began the quest for the Orb.
     0 | D:1      | Reached XP level 1. HP: 15/15 MP: 3/3
     0 | D:1      | magus.rc [v1.11.3]
   250 | D:1      | Reached skill level 2 in Transmutations
   521 | D:1      | Lost mutation: You have razor-sharp toenails. [demonic
                  | ancestry]
   521 | D:1      | Lost mutation: You have sharp toenails. [demonic ancestry]
   521 | D:1      | Gained mutation: You have large cloven feet. [demonic
                  | ancestry]
   521 | D:1      | Reached XP level 2. HP: 21/21 MP: 3/5
   614 | D:1      | HP: 2/21 [kobold/+3 short sword (7)]
   616 | D:1      | Slain by a kobold

Vanquished Creatures
  An endoplasm (D:1)
  A giant cockroach (D:1)
  A goblin (D:1)
  A hobgoblin (D:1)
  2 ball pythons (D:1)
  A frilled lizard (D:1)
  A kobold (D:1)
  A rat (D:1)
9 creatures vanquished.

Table legend:
 A = Non-vault XP
 B = Vault XP
 C = Vault XP percentage of total XP
 D = Non-vault monster count
 E = Vault monster count
 F = Vault count percentage of total count
                 A         B        C        D         E       F
            +---------+---------+-------+---------+---------+-------
      Total |      13 |       0 |   0.0 |       9 |       0 |   0.0
            +---------+---------+-------+---------+---------+-------
        D:1 |      13 |       0 |   0.0 |       9 |       0 |   0.0
            +---------+---------+-------+---------+---------+-------

Illustrated notes

Table legend:
 A = Kills in this place as a percentage of kills in entire the game.
 B = Kills by you in this place as a percentage of kills by you in the entire game.
 C = Kills by friends in this place as a percentage of kills by friends in the entire game.
 D = Other kills in this place as a percentage of other kills in the entire game.
 E = Experience gained in this place as a percentage of experience gained in the entire game.
 F = Experience gained in this place divided by the number of levels of this place that you have seen.
                   A       B       C       D       E      F
               +-------+-------+-------+-------+-------+----------------------
         Total | 100.0 | 100.0 |   N/A |   N/A | 100.0 |  13.0
       Dungeon | 100.0 | 100.0 |   N/A |   N/A | 100.0 |  13.0
               +-------+-------+-------+-------+-------+----------------------

Table legend: (Time is in decaauts)
 A = Elapsed time spent in this place.
 B = Non-inter-level travel time spent in this place.
 C = Inter-level travel time spent in this place.
 D = Time resting spent in this place.
 E = Time spent auto-exploring this place.
 F = Levels seen in this place.
 G = Mean time per level.
                   A        B        C        D        E       F      G
               +--------+--------+--------+--------+--------+-----+--------+
         Total |    614 |    614 |      0 |      0 |    542 |   1 |  614.0 |
       Dungeon |    614 |    614 |      0 |      0 |    542 |   1 |  614.0 |
               +--------+--------+--------+--------+--------+-----+--------+

Top non-repeatable levels by time:
     D:1: 614 daAuts
